 Dungeon Sprint DCSS version 0.21-a0-286-g6fcecc0 (webtiles) character file.

6989 potatolord6000 the Eclecticist (level 10, -2/50 HPs)
             Began as a Deep Elf Necromancer on Sept 27, 2017.
             Was the Champion of Kikubaaqudgha.
             Slain by Grum
             ... wielding a +0 halberd
              (10 damage)
             ... in the Dungeon (Sprint VII: "The Pits").
             The game lasted 00:20:17 (2272 turns).

potatolord6000 the Eclecticist (DENe)               Turns: 2272, Time: 00:20:18

Health: -2/50      AC:  4    Str: 12    XL:     10   Next: 81%
Magic:  22/31      EV: 22    Int: 26    God:    Kikubaaqudgha [******]
Gold:   14         SH:  0    Dex: 15    Spells: 7/39 levels left

rFire    . . .     SeeInvis .   f - +2 long sword (flame)
rCold    . . .     Gourm    .   (no shield)
rNeg     . . .     Faith    .   a - +2 robe
rPois    .         Spirit   .   w - +0 hat {Int+3}
rElec    .         Reflect  .   (no cloak)
rCorr    .         Harm     .   (no gloves)
MR       +....     NoTele   +   (no boots)
Stlth    ++++++....             (no amulet)
HPRegen  0.16/turn              q - +3 ring of strength
MPRegen  0.22/turn              r - +3 ring of strength

@: death channel
A: no striking features
a: Receive Corpses, Torment, Renounce Religion


You were in the Dungeon.
You worshipped Kikubaaqudgha.
Kikubaaqudgha was exalted by your worship.
You were completely stuffed.

You visited 1 branch You collected 14 gold pieces.

Inventory:

Hand Weapons
 f - a +2 long sword of flaming (weapon)
Armour
 a - a +2 robe (worn)
 w - a +0 hat of intelligence (worn)
Jewellery
 q - a +3 ring of strength (left hand)
 r - a +3 ring of strength (right hand)
Wands
 x - a wand of polymorph (5/24)
Scrolls
 e - 2 scrolls of recharging
 k - 6 scrolls of remove curse
 l - 5 scrolls of amnesia
 m - a scroll of summoning
 p - 2 scrolls of identify
 u - 3 scrolls of blinking
Potions
 d - 9 potions of curing
 g - 2 potions of magic
 h - 2 potions of berserk rage
 i - 6 potions of heal wounds
 j - 2 potions of invisibility
 s - 2 potions of might
 t - a potion of agility
Books
 b - a book of Necromancy

   Spells                             Type                      Level
   a - Pain                           Necromancy                   1
   b - Animate Skeleton               Necromancy                   1
   c - Vampiric Draining              Necromancy                   3
   d - Regeneration                   Charms/Necromancy            3
   e - Animate Dead                   Necromancy                   4
   f - Control Undead                 Necromancy                   4
 v - a Necronomicon

   Spells                             Type                      Level
   a - Haunt                          Necromancy/Summoning         7
   b - Borgnjor's Revivification      Necromancy                   8
   c - Death's Door                   Charms/Necromancy            8
   d - Infestation                    Necromancy                   8
   e - Necromutation                  Transmutation/Necromancy     8
Comestibles
 c - 8 bread rations
 n - 40 fruits
 o - 3 meat rations


   Skills:
 - Level 9.3 Long Blades
 + Level 13.9 Dodging
 + Level 14.9 Stealth
 + Level 15.0 Spellcasting
 + Level 14.4 Necromancy
 + Level 6.2 Transmutations


You had 7 spell levels left.
You knew the following spells:

 Your Spells              Type           Power        Failure   Level  Hunger
a - Pain                  Necr           ####         0%          1    None
b - Animate Skeleton      Necr           N/A          0%          1    None
c - Vampiric Draining     Necr           #######...   1%          3    None
d - Animate Dead          Necr           N/A          1%          4    None
e - Control Undead        Necr           #######...   1%          4    None
f - Death Channel         Necr           #######...   1%          6    ####...
g - Agony                 Necr           #######.     1%          5    #......
h - Necromutation         Tmut/Necr      ######....   95%         8    #######


Dungeon Overview and Level Annotations

Branches:
Dungeon (1/1)

Altars:
Ashenzari
Cheibriados
Dithmenos
Elyvilon
Fedhas
Gozag
Hepliaklqana
Kikubaaqudgha
Makhleb
Nemelex Xobeh
Okawaru
Qazlal
Ru
Sif Muna
Trog
Uskayaw
Vehumet
Wu Jian
Xom
Yredelemnul
Zin
The Shining One
Beogh
Jiyva
Lugonu

Annotations:
D Grum


Message History

The wolf misses you.
You riposte.
You barely miss the wolf.
The wolf is almost dead.
The wolf barely misses you.
You riposte.
You hit the wolf. You burn the wolf.
The wolf is moderately wounded.
The wolf closely misses you. The wolf completely misses you.
Grum hits you from afar with a halberd! The wolf misses you.
You closely miss the wolf.
The wolf is almost dead.
The wolf closely misses you.
You riposte.
You hit the wolf. You burn the wolf.
The wolf is moderately wounded.
The wolf closely misses you.
You riposte.
You hit the wolf. You burn the wolf.
You kill the wolf!
Kikubaaqudgha accepts your kill.
A glowing mist starts to gather...
The wolf bites you.
* * * LOW HITPOINT WARNING * * *
The wolf bites you.
* * * LOW HITPOINT WARNING * * *
Grum hits you from afar with a halberd!
You die...
Kikubaaqudgha rasps: "You have failed me!
Welcome... death!"

#######++##########
..............##..#
....#..#......##..#
..............''.Z#
..............''h.######
....#..#......##@9g.....
..............##.h......
#'#####''###############
.....##''############# ########
.....##.)....#...+....###...##...
.....##....###...###...#...##....
.<...##...##.+)..+.##.....####...
.....##..##..##'##..##...##..##..
.....##..#..##.).##..+...#.......


You could see Grum, a gargoyle, 2 wolves and a friendly spectral wolf
(wandering).

Vanquished Creatures
  A polar bear (D)
  A yak (D)
  A warg (D)
  A floating eye (D)
  An orc warrior (D)
  An ogre (D)
  2 wolves (D)
  An iron imp (D)
  3 worker ants (D)
  A gnoll (D)
  An adder (D)
  An ufetubus (D)
  2 ball pythons (D)
  A bat skeleton (D)
  A bat (D)
  A frilled lizard (D)
20 creatures vanquished.

Vanquished Creatures (collateral kills)
  Gastronok (D)
  A great orb of eyes (D)
  Harold (D)
  An orc high priest (D)
  A sea snake (D)
  A deep troll (D)
  A lindwurm (D)
  A phantasmal warrior (D)
  A deep elf mage (D)
  A cyclops (D)
  A manticore (D)
  A gargoyle (D)
  A komodo dragon (D)
  3 red devils (D)
  A polar bear (D)
  Grinder (D)
  Sigmund (D)
  A flying skull (D)
  An air elemental (D)
  2 redbacks (D)
  3 spriggans (D)
  A wyvern (D)
  A wraith (D)
  4 yaks (D)
  3 orc warriors (D)
  A phantom (D)
  A black bear (D)
  A necrophage (D)
  5 wolves (D)
  A crocodile (D)
  A gnoll shaman (D)
  An iron imp (D)
  2 worker ants (D)
  4 gnolls (D)
  2 adders (D)
  2 oozes (D)
  A worm (D)
  3 orcs (D)
60 creatures vanquished.

Vanquished Creatures (others)
  A white imp (D)
  An orc (D)
2 creatures vanquished.

Grand Total: 82 creatures vanquished

Notes
Turn   | Place    | Note
-------+----------+-------------------------------------------
     0 | D        | potatolord6000 the Deep Elf Necromancer began the quest for the Orb.
     0 | D        | Reached XP level 1. HP: 10/10 MP: 6/6
    15 | D        | Noticed a worker ant
    32 | D        | Killed a worker ant
    32 | D        | Reached skill level 4 in Spellcasting
    32 | D        | Reached skill level 5 in Necromancy
    32 | D        | Reached XP level 2. HP: 13/15 MP: 5/9
    50 | D        | Learned a level 1 spell: Animate Skeleton
    75 | D        | Found a bloodstained altar of Trog.
    75 | D        | Found a deep blue altar of Sif Muna.
    75 | D        | Found a viscous altar of Jiyva.
    75 | D        | Found a hazy altar of Hepliaklqana.
    75 | D        | Found an opulent altar of Gozag.
    76 | D        | Found a glowing golden altar of the Shining One.
    76 | D        | Found a glowing silver altar of Zin.
    76 | D        | Found a basalt altar of Yredelemnul.
    76 | D        | Found a shimmering altar of Xom.
    76 | D        | Found an ornate altar of the Wu Jian Council.
    76 | D        | Found a sacrificial altar of Ru.
    76 | D        | Found a stormy altar of Qazlal.
    76 | D        | Found an iron altar of Okawaru.
    76 | D        | Found a sparkling altar of Nemelex Xobeh.
    76 | D        | Found a burning altar of Makhleb.
    76 | D        | Found a blossoming altar of Fedhas.
    76 | D        | Found a white marble altar of Elyvilon.
    76 | D        | Found a shadowy altar of Dithmenos.
    76 | D        | Found a snail-covered altar of Cheibriados.
    78 | D        | Found a radiant altar of Vehumet.
    78 | D        | Found a corrupted altar of Lugonu.
    78 | D        | Found a roughly hewn altar of Beogh.
    80 | D        | Found an ancient bone altar of Kikubaaqudgha.
    80 | D        | Found a hide-covered altar of Uskayaw.
    80 | D        | Found a shattered altar of Ashenzari.
    90 | D        | Became a worshipper of Kikubaaqudgha
   158 | D        | Reached XP level 3. HP: 10/19 MP: 11/11
   169 | D        | Learned a level 3 spell: Vampiric Draining
   334 | D        | Reached * piety under Kikubaaqudgha
   334 | D        | Identified Kikubaaqudgha's Handbook of Evil Secrets (Kikubaaqudgha gifted it to you in the Dungeon)
   334 | D        | Received a gift from Kikubaaqudgha
   334 | D        | Reached skill level 1 in Long Blades
   334 | D        | Reached skill level 5 in Spellcasting
   456 | D        | Noticed a floating eye
   458 | D        | Paralysed by a floating eye for 3 turns
   462 | D        | Reached skill level 5 in Dodging
   462 | D        | Reached skill level 5 in Stealth
   462 | D        | Reached XP level 4. HP: 15/24 MP: 7/13
   464 | D        | Killed a floating eye
   464 | D        | Reached ** piety under Kikubaaqudgha
   464 | D        | Reached skill level 7 in Spellcasting
   464 | D        | Reached XP level 5. HP: 17/28 MP: 7/16
   470 | D        | Learned a level 4 spell: Animate Dead
   475 | D        | Learned a level 4 spell: Control Undead
   693 | D        | Noticed an ogre
   693 | D        | Noticed a warg
   717 | D        | Killed an ogre
   717 | D        | Reached skill level 8 in Spellcasting
   717 | D        | Reached XP level 6. HP: 29/32 MP: 13/19
   718 | D        | Reached *** piety under Kikubaaqudgha
   718 | D        | Identified Kikubaaqudgha's Compendium of Necromancy (Kikubaaqudgha gifted it to you in the Dungeon)
   718 | D        | Received a gift from Kikubaaqudgha
   777 | D        | Learned a level 6 spell: Death Channel
   789 | D        | Killed a warg
   789 | D        | Reached skill level 5 in Long Blades
   789 | D        | Reached skill level 9 in Spellcasting
   812 | D        | Reached **** piety under Kikubaaqudgha
   840 | D        | Noticed a polar bear
   850 | D        | Killed a polar bear
   850 | D        | Reached XP level 7. HP: 25/36 MP: 11/22
   858 | D        | Noticed Grinder
   869 | D        | Reached ***** piety under Kikubaaqudgha
   878 | D        | Killed Grinder
   878 | D        | Reached skill level 10 in Spellcasting
   878 | D        | Reached skill level 10 in Necromancy
   884 | D        | Noticed a red devil
   888 | D        | Reached skill level 10 in Stealth
   905 | D        | Reached XP level 8. HP: 37/41 MP: 21/24
   910 | D        | Killed a red devil
   910 | D        | Reached skill level 10 in Dodging
  1014 | D        | Learned a level 5 spell: Agony
  1026 | D        | Noticed Harold
  1040 | D        | Killed Harold
  1040 | D        | Reached skill level 11 in Spellcasting
  1051 | D        | Noticed Gastronok
  1052 | D        | Noticed a phantasmal warrior
  1066 | D        | Killed Gastronok
  1066 | D        | Reached ****** piety under Kikubaaqudgha
  1066 | D        | Reached skill level 12 in Spellcasting
  1066 | D        | Reached XP level 9. HP: 45/45 MP: 5/27
  1088 | D        | Killed a phantasmal warrior
  1112 | D        | Noticed a lindwurm
  1112 | D        | Noticed an orc high priest
  1125 | D        | Noticed a rust devil
  1131 | D        | Noticed a red devil
  1135 | D        | Noticed a smoke demon
  1137 | D        | Killed a lindwurm
  1137 | D        | Reached skill level 13 in Spellcasting
  1139 | D        | Noticed a red devil
  1159 | D        | Killed an orc high priest
  1411 | D        | Killed a red devil
  1421 | D        | Noticed a red devil
  1444 | D        | Killed a red devil
  1446 | D        | Received a gift from Kikubaaqudgha
  1458 | D        | Learned a level 8 spell: Necromutation
  1459 | D        | Noticed a komodo dragon
  1466 | D        | Killed a komodo dragon
  1485 | D        | Reached skill level 1 in Transmutations
  1486 | D        | Noticed a deep elf mage
  1488 | D        | Killed a deep elf mage
  1488 | D        | Reached XP level 10. HP: 50/50 MP: 29/29
  1578 | D        | Noticed a cyclops
  1579 | D        | Noticed a gargoyle
  1586 | D        | Killed a gargoyle
  1586 | D        | Reached skill level 14 in Spellcasting
  1587 | D        | Noticed a great orb of eyes
  1649 | D        | Killed a great orb of eyes
  1673 | D        | Killed a cyclops
  1860 | D        | Noticed a manticore
  1862 | D        | Reached skill level 5 in Transmutations
  1873 | D        | Noticed a deep troll
  1875 | D        | Killed a manticore
  1884 | D        | Killed a deep troll
  1894 | D        | Noticed a sea snake
  1894 | D        | Noticed Sigmund
  1899 | D        | Killed Sigmund
  1907 | D        | Killed a sea snake
  1907 | D        | Reached skill level 15 in Spellcasting
  2263 | D        | Noticed a gargoyle
  2264 | D        | Noticed Grum
  2272 | D        | Slain by Grum

Vault maps used:
D:        pitsprint

Skill      XL: |  1  2  3  4  5  6  7  8  9 10 |
---------------+-------------------------------+-----
Dodging        | 4 5 6 7 8 9 11 12 13 | 13.9
Stealth        | 4 5 6 7 9 10 12 13 14 | 14.9
Spellcasting   | 4 5 7 8 9 10 12 13 15 | 15.0
Necromancy     | 5 6 7 8 9 10 12 13 14 | 14.4
Long Blades    | 2 3 4 5 6 8 9 |  9.3
Transmutations | 2 6 |  6.2

Action                   |  1- 3 |  4- 6 |  7- 9 | 10-12 || total
-------------------------+-------+-------+-------+-------++-------
Melee: Unarmed           |     2 |       |       |       ||     2
       Falchion          |     3 |     3 |       |       ||     6
       Long sword        |       |     9 |    12 |     7 ||    28
 Cast: Pain              |    10 |    22 |     4 |    10 ||    46
       Animate Dead      |       |     1 |     6 |     8 ||    15
       Death Channel     |       |     1 |     2 |     3 ||     6
       Agony             |       |       |     1 |     1 ||     2
       Control Undead    |       |       |     1 |       ||     1
Invok: Receive Corpses   |       |       |     8 |     5 ||    13
       Torment           |       |       |     1 |       ||     1
       Receive Necronomi |       |       |     1 |       ||     1
  Use: Potion            |     3 |     2 |     7 |     3 ||    15
       Scroll            |       |       |       |     3 ||     3
 Stab: Distracted        |       |       |     1 |       ||     1
  Eat: Meat ration       |       |     2 |       |     2 ||     4
Armor: Robe              |     8 |     1 |       |       ||     9
Dodge: Dodged            |    33 |    19 |    17 |    25 ||    94
       Rpst.: Falchion   |    13 |     2 |       |       ||    15
       Long sword        |       |     2 |     4 |    14 ||    20

Table legend:
 A = Spawn XP
 B = Non-spawn XP
 C = Spawn XP percentage of total XP
 D = Spawn monster count
 E = Non-spawn monster count
 F = Spawn count percentage of total count
 G = Total turns spent on level
                    A         B        C        D         E        F      G
               +---------+---------+-------+---------+---------+-------+---------
         Total |       0 |    9985 |   0.0 |       0 |      82 |   0.0 |  2272
               +---------+---------+-------+---------+---------+-------+---------
             D |       0 |    9985 |   0.0 |       0 |      82 |   0.0 |  2272
               +---------+---------+-------+---------+---------+-------+---------
